 Dungeon Crawl Stone Soup version 0.31-a0-543-geaa9c7a2c0 (webtiles) character file.

Game seed: 11784642405821806023

385 Ethylacetat the Insei (level 6, -1/44 HPs)
             Began as an Octopode Gladiator on Aug 15, 2023.
             Slain by Duvessa
             ... wielding a +0 short sword
              (8 damage)
             ... on level 4 of the Dungeon.
             The game lasted 00:05:08 (2937 turns).

Ethylacetat the Insei (Octopode Gladiator)          Turns: 2937, Time: 00:05:09

Health: -1/44      AC:  1    Str: 13    XL:     6   Next: 77%
Magic:  6/6        EV: 15    Int: 10    God:
Gold:   152        SH:  0    Dex: 16    Spells: 5/5 levels left

rFire   . .          .
                       - Unarmed
rCold   . . .        (no shield)
rNeg    + + .        a - +0 hat
rPois   .            g - amulet of regeneration
rElec   .            d - ring of positive energy
rCorr   .            m - ring of positive energy
SInv    .            (no ring)
Will    .....        (no ring)
Stlth   ++           (no ring)
HPRegen 1.07/turn    (no ring)
MPRegen 0.10/turn    (no ring)
                     (no ring)

%: no passive effects
@: no status effects
A: almost no armour, amphibious, 8 rings, camouflage 1, gelatinous body 1,
(nimble swimmer 1), tentacles
a: no special abilities


You were on level 4 of the Dungeon.
You visited 1 branch of the dungeon, and saw 4 of its levels.
You also visited: Sewer.

You collected 152 gold pieces.

Inventory:

Missiles
 b - a throwing net (quivered)
 c - a javelin
Armour
 a - a +0 hat (worn)
Jewellery
 d - a ring of positive energy (left tentacle)
 g - an amulet of regeneration (around mantle)
 m - a ring of positive energy (right tentacle)
Wands
 z - a wand of flame (14)
Scrolls
 h - a scroll of torment {unknown}
 j - 4 scrolls of identify {unknown}
 o - 5 scrolls of teleportation {unknown}
 p - a scroll of noise {unknown}
 r - a scroll of enchant armour {unknown}
 t - 4 scrolls of blinking {unknown}
 u - 3 scrolls of fog {unknown}
 v - a scroll of poison {unknown}
 y - a scroll of revelation {unknown}
 A - a scroll of vulnerability {unknown}
Potions
 e - a potion of ambrosia {unknown}
 f - 3 potions of curing {unknown}
 i - a potion of brilliance {unknown}
 k - 3 potions of heal wounds
 l - 2 potions of haste {unknown}
 n - 2 potions of degeneration {unknown}
 q - a potion of enlightenment {unknown}
 s - a potion of attraction {unknown}
 w - a potion of lignification {unknown}
 x - 2 potions of might {unknown}


   Skills:
 + Level 4.4 Fighting
 - Level 2.0 Throwing
 + Level 4.8 Dodging
 + Level 4.8 Unarmed Combat


You had 5 spell levels left.
You didn't know any spells.
Your spell library contained the following spells:

 Spells                   Type           Power      Damage    Failure   Level
 Frozen Ramparts          Ice            0%         1d1       75%         3
 Gell's Gravitas          Tloc           0%         N/A       75%         3
 Teleport Other           Tloc           0%         N/A       75%         3
 Petrify                  Tmut/Erth      0%         N/A       98%         4
 Metabolic Englaciation   Hex/Ice        0%         N/A       100%        5
 Dispersal                Tloc           0%         N/A       100%        6


Dungeon Overview and Level Annotations

Branches:
Dungeon (4/15)              Sewer (visited)
 Temple: D:4-7

Altars:
Fedhas
Vehumet
Wu Jian

Annotations:
D:3 2 transporters, jaspen's ghost, amateur MiFi
D:4 Dowan; Duvessa


Innate Abilities, Weirdness & Mutations

You cannot wear most types of armour.
You are amphibious.
You can wear up to eight rings at the same time.
Your skin changes colour to match your surroundings (Stealth+).
Your rubbery body absorbs attacks. (AC +1, EV +1)
((You are camouflaged when in or above water. (Stealth+)))
You have tentacles for arms and can constrict up to eight enemies at once.


Message History

Duvessa, Sister of Dowan comes into view.
She is wielding a +0 short sword.
There are monsters nearby!
There are monsters nearby!
Dowan and a hobgoblin come into view.
Dowan shouts!
The kobold shouts!
There are monsters nearby!
You tentacle-slap Duvessa but do no damage.
Your grab misses Duvessa. You squeeze Duvessa, but do no damage.
Duvessa hits you with a +0 short sword!
There are monsters nearby!
You tentacle-slap Duvessa but do no damage.
You grab Duvessa. You squeeze Duvessa, but do no damage.
You constrict Duvessa, but do no damage.
Duvessa struggles to escape constriction.
You tentacle-slap Duvessa but do no damage.
You constrict Duvessa, but do no damage.
The kobold closely misses you.
Duvessa escapes!
You tentacle-slap Duvessa but do no damage.
You grab Duvessa. You tentacle-slap Duvessa.
Duvessa is lightly wounded.
You constrict Duvessa. You tentacle-slap Duvessa.
Duvessa is lightly wounded.
You constrict Duvessa. The kobold hits you with a +0 whip.
Duvessa hits you with a +0 short sword!
You tentacle-slap Duvessa.
Duvessa is moderately wounded.
You constrict Duvessa. The kobold completely misses you.
Duvessa hits you with a +0 short sword!
* * * LOW HITPOINT WARNING * * *
You are too injured to fight recklessly!
Unknown command.
Okay, then.
You release your grip on Duvessa.
The kobold misses you. The kobold attacks as you move away!
The kobold completely misses you.
Dowan points at you and mumbles some strange words.
The puff of frost hits you!
* * * LOW HITPOINT WARNING * * *
Duvessa attacks as you move away! Duvessa hits you with a +0 short sword!
You die...

#<..##...#### ##...#
##..........###...#
#................#
##..#......##....##
#...#.....#####..:##
...##.....#
##...#####..
...##.)..##
##.........
...#.....#
##e........
...#.....#
#@K.g......
.........#
#...e.......
........##
#....##.......
......... .....###
#......
..............#
#...#. ##... ..##
### ..# .


You could see Duvessa, Dowan, a hobgoblin and a kobold.

Vanquished Creatures
  2 kobold brigands (Sewer)
  Blork the orc (D:4)
  An iguana (D:4)
  Robin (D:4)
  2 adders
  A river rat (Sewer)
  5 worms
  3 dart slugs
  An orc (D:4)
  13 endoplasms
  4 giant cockroaches
  12 goblins
  9 hobgoblins
  7 quokkas
  6 ball pythons
  4 bats
  A frilled lizard (D:2)
  11 kobolds
  6 rats
90 creatures vanquished.

Notes
Turn   | Place    | Note
-------+----------+-------------------------------------------
     0 | D:1      | Ethylacetat the Octopode Gladiator began the quest for the
                  | Orb.
     0 | D:1      | Reached XP level 1. HP: 14/14 MP: 1/1
   265 | D:1      | Reached XP level 2. HP: 9/19 MP: 2/2
  1031 | D:2      | Reached XP level 3. HP: 25/25 MP: 3/3
  1492 | D:2      | Found a faded altar of an unknown god.
  1677 | D:3      | Found a transporter.
  1688 | D:3      | Found an ornate altar of the Wu Jian Council.
  1710 | D:3      | Found a glowing drain.
  1733 | Sewer    | Entered a sewer
  1735 | Sewer    | Noticed a kobold brigand
  1752 | Sewer    | Killed a kobold brigand
  1753 | Sewer    | Reached XP level 4. HP: 23/31 MP: 4/4
  1753 | Sewer    | Reached XP level 5. HP: 27/36 MP: 5/5
  1981 | Sewer    | Noticed a kobold brigand
  1992 | Sewer    | Killed a kobold brigand
  1993 | Sewer    | Reached XP level 6. HP: 36/43 MP: 6/6
  2193 | D:3      | Found a blossoming altar of Fedhas.
  2265 | D:3      | Found a radiant altar of Vehumet.
  2414 | D:3      | Found a transporter.
  2423 | D:3      | Noticed jaspen's ghost (amateur MiFi)
  2643 | D:4      | Noticed Blork the orc
  2655 | D:4      | Killed Blork the orc
  2657 | D:4      | HP: 2/43 [quokka (4)]
  2746 | D:4      | Noticed Robin
  2771 | D:4      | Killed Robin
  2925 | D:4      | Noticed Duvessa
  2928 | D:4      | Noticed Dowan
  2937 | D:4      | Slain by Duvessa

Illustrated notes

Levels and vault maps discovered:
D:1:      psy_arrival_dodecagon, layout_basic
D:2:      layout_basic, ebering_ecumenical_altar_petrified
D:3:      layout_loops_cross, fedhas_altar_3, mainiacjoe_overflow_24_doors,
          nicolae_wu_jian_wuxing_cycle, gammafunk_ghost_stat_death,
          cheibrodos_sewer_entry_drain
D:4:      layout_layer_cave, mainiacjoe_overflow_alcove_1,
          ebering_ghost_disaster_area, uniq_blork_the_orc, uniq_robin,
          uniq_duvessa, uniq_menkaure

Skill      XL: |  1  2  3  4  5  6 |
---------------+-------------------+-----
Fighting       | 3 4 |  4.4
Dodging        | 4 |  4.8
Unarmed Combat | 4 |  4.8
Throwing       | |  2.0

Action                     |  1- 3 |  4- 6 || total
---------------------------+-------+-------++-------
  Melee: Unarmed           |    85 |   127 ||   212
         Tentacles         |    22 |    32 ||    54
         Constrict         |    20 |    35 ||    55
         Punch             |     4 |    10 ||    14
  Throw: Throwing net      |     1 |     2 ||     3
    Use: Potion            |       |     1 ||     1
   Stab: Sleeping          |     7 |    10 ||    17
 Armour: Skin              |     3 |     4 ||     7
  Dodge: Dodged            |    42 |    96 ||   138

Table legend: (Time is in decaauts)
 A = Elapsed time spent in this place.
 B = Non-inter-level travel time spent in this place.
 C = Inter-level travel time spent in this place.
 D = Time resting spent in this place.
 E = Time spent auto-exploring this place.
 F = Levels seen in this place.
 G = Mean time per level.
                   A        B        C        D        E       F      G
               +--------+--------+--------+--------+--------+-----+--------+
         Total |   2918 |   2806 |    112 |      0 |   2223 |   5 |  583.6 |
       Dungeon |   2627 |   2515 |    112 |      0 |   2089 |   4 |  656.8 |
         Sewer |    290 |    290 |      0 |      0 |    134 |   1 |  290.0 |
               +--------+--------+--------+--------+--------+-----+--------+

Top non-repeatable levels by time:
     D:2: 863 daAuts
     D:1: 793 daAuts
     D:3: 654 daAuts
     D:4: 317 daAuts
   Sewer: 290 daAuts
